 Dungeon Crawl Stone Soup version 0.24.0-125-gc4c63601f3 (webtiles) character file.

Game seed: 9582561847503481731, levelgen mode: deterministic

55 Frank2 the Cudgeler (level 3, -2/28 HPs)
             Began as a Demonspawn Gladiator on Feb 29, 2020.
             Slain by a gnoll
             ... wielding a +0 halberd
              (8 damage)
             ... on level 2 of the Dungeon.
             The game lasted 00:02:34 (1469 turns).

Frank2 the Cudgeler (Demonspawn Gladiator)          Turns: 1469, Time: 00:02:35

Health: -2/28      AC:  6    Str: 14    XL:     3   Next: 67%
Magic:  3/3        EV: 12    Int:  9    God:
Gold:   74         SH:  0    Dex: 17    Spells: 2/2 levels left

rFire    . . .     SeeInvis .   a - +0 flail
rCold    . . .     Gourm    .   (no shield)
rNeg     . . .     Faith    .   k - +0 ring mail
rPois    .         Spirit   .   c - +0 helmet
rElec    .         Reflect  .   (no cloak)
rCorr    .         Harm     .   (no gloves)
MR       .....                  (no boots)
Stlth    +.........             (no amulet)
HPRegen  0.09/turn              (no ring)
MPRegen  0.08/turn              (no ring)

@: no status effects
A: thin skeletal structure 1
a: no special abilities


You were on level 2 of the Dungeon.
You were hungry.

You visited 1 branch of the dungeon, and saw 2 of its levels.

You collected 74 gold pieces.

Inventory:

Hand Weapons
 a - a +0 flail (weapon)
Missiles
 d - 2 throwing nets (quivered)
Armour
 c - a +0 helmet (worn)
 k - a +0 ring mail (worn)
Scrolls
 e - a scroll of amnesia {unknown}
 g - a scroll of enchant weapon {unknown}
 h - 2 scrolls of identify
 l - a scroll of fog
Potions
 i - a potion of mutation {unknown}
 j - 2 potions of lignification {unknown}
Comestibles
 f - 2 rations


   Skills:
 + Level 2.3 Fighting
 + Level 3.5 Maces & Flails
 - Level 1.7 Throwing
 + Level 1.0 Armour
 + Level 3.0 Dodging


You had 2 spell levels left.
You didn't know any spells.
Your spell library was empty.

Dungeon Overview and Level Annotations

Branches:
Dungeon (2/15)

Altars:
Nemelex Xobeh


Innate Abilities, Weirdness & Mutations

You have a somewhat thin skeletal structure. (Dex +2, Stealth)


Message History

The gnoll hits you but does no damage. x2
You hit the gnoll but do no damage.
The gnoll is heavily wounded.
The rat bites you. The gnoll hits you with a +0 halberd!
* * * LOW HITPOINT WARNING * * *
The gnoll closely misses you. The rat misses you.
You hit the gnoll but do no damage.
The gnoll is heavily wounded.
The gnoll hits you.
* * * LOW HITPOINT WARNING * * *
The gnoll barely misses you. The rat completely misses you.
You hit the gnoll.
The gnoll is severely wounded.
The gnoll hits you but does no damage. The rat bites you but does no damage.
The gnoll barely misses you.
You hit the gnoll but do no damage.
The gnoll is severely wounded.
The gnoll closely misses you. The rat barely misses you.
The gnoll hits you with a +0 halberd!
You die...

#.............##### #####
#.................# #...#
#.............###.# #...#
#).....†......# #.#
#...####...#.......#####.#######
'..........................>...##
############.##########..........
##########...######## #..........
☼☼○##...##.####<@g..###..........
§°§##......#....rg...............
☼○°##...##.#.....................
○○○##...####.....................
○○°###+#.........................
#### #................########.
#.....+#####.....^# #. +.....+
#......# ## #.....#### #......#


You could see 2 gnolls and a rat.

Vanquished Creatures
  2 gnolls (D:1)
  2 worms (D:2)
  2 leopard geckos
  2 goblins
  4 hobgoblins
  3 quokkas (D:2)
  3 bats
  A frilled lizard (D:1)
  6 kobolds
  4 rats
29 creatures vanquished.

Notes
Turn   | Place    | Note
-------+----------+-------------------------------------------
     0 | D:1      | Frank2 the Demonspawn Gladiator began the quest for the
                  | Orb.
     0 | D:1      | Reached XP level 1. HP: 16/16 MP: 1/1
   332 | D:1      | Gained mutation: You have a somewhat thin skeletal
                  | structure. (Dex +2, Stealth) [demonic ancestry]
   332 | D:1      | Reached XP level 2. HP: 12/22 MP: 2/2
  1023 | D:2      | Reached XP level 3. HP: 17/27 MP: 3/3
  1306 | D:2      | Found a sparkling altar of Nemelex Xobeh.
  1356 | D:1      | Reached skill level 1 in Armour
  1469 | D:2      | Slain by a gnoll

Levels and vault maps discovered:
D:1:      minmay_arrival_open_corners, layout_basic
D:2:      layout_basic, nemelex_altar_shiori, first_ration,
          kennysheep_flooded_box

Skill      XL: |  1  2  3 |
---------------+----------+-----
Maces & Flails | 3 |  3.5
Dodging        | 3 |  3.0
Armour         | 1 |  1.0
Fighting       | |  2.3
Throwing       | |  1.7

Action                   || total
-------------------------++-------
Melee: Flail             ||   113
Throw: Throwing net      ||     2
  Use: Scroll            ||     4
 Stab: Sleeping          ||     3
       Held in net/web   ||     1
  Eat: Chunk             ||     1
Armor: Leather armour    ||    23
       Ring mail         ||    14
Dodge: Dodged            ||   129
